cohdb
Replays
Latest Replays
All Replays
Popular Replays
Top Player Replays
Match Explorer
How It Works
Community
CoH3 Stats
Reddit
Sign in to upload your games and track your stats! →
Sign in with Steam
Match 27212914
Unlisted
Match 27212914
Overview
Messages
Build Orders
End
Panzergrenadier Squad
Selects Battlefield Espionage Battlegroup
Panzergrenadier Squad
250 Light Carrier
Construct Light Support Kompanie
Fire Support Elements
Selects Intel Disruption Beacon
Flakvierling Half-track
2.5-tonne Medical Truck
Veteran Squad Leaders
Pak 38 Anti-tank Gun Team
Selects Plunder
Construct Panzerarmee Kommand
Panzer III L Medium Tank
Vehicle Survival Package
Emergency Repair Kits
Hevsik
MatioS
Zbirga
Hunter GLA
安邱侦缉队长男神贾贵
Kitty
Basil II
Devos
0
0
Comments
sign in to comment!
No comments posted yet!